 Dungeon Crawl Stone Soup version 0.30-a0-862-g1aabd4f9c5 (webtiles) character file.

Game seed: 4341151544033500450

970 Dittersdorf the Covered (level 8, -6/51 HPs)
             Began as a Gargoyle Fighter on Mar 9, 2023.
             Mangled by a wyvern (13 damage)
             ... on level 5 of the Dungeon.
             The game lasted 00:05:35 (3373 turns).

Dittersdorf the Covered (Gargoyle Fighter)          Turns: 3373, Time: 00:05:36

Health: -6/51      AC: 19    Str: 23    XL:     8   Next: 16%
Magic:  8/8        EV:  7    Int:  8    God:
Gold:   726        SH:  5    Dex:  9    Spells: 7/7 levels left

rFire   . . .      SeeInvis .    n - +8 whip of the Throat {heavy, rElec rN+ Will-}
rCold   + . .      Faith    .    c - +0 buckler
rNeg    + + .      Spirit   .    e - +0 chain mail
rPois   ∞          Reflect  .    (no helmet)
rElec   +          Rampage  .    r - +1 cloak
rCorr   +                        (no gloves)
Will    .....                    l - +0 pair of boots Stlth
                                 t - amulet of magic regeneration
HPRegen 0.28/turn                o - ring of resist corrosion
MPRegen 0.51/turn                p - ring of protection from cold

@: studying Dodging
A: sickness immunity, AC +5, negative energy resistance 1, electricity
resistance, torment resistance 1, petrification resistance
a: no special abilities


You were on level 5 of the Dungeon.
You visited 1 branch of the dungeon, and saw 5 of its levels.
You also visited: Sewer.

You collected 726 gold pieces.

Inventory:

Hand Weapons
 a - a +1 flail
 n - the +8 whip of the Throat (weapon) {heavy, rElec rN+ Will-}
   (You found it on level 2 of the Dungeon)

   rElec:     It insulates you from electricity.
   rN:        It protects you from negative energy.
   Will:      It decreases your willpower.
Missiles
 h - 9 poisoned darts (quivered)
 s - a throwing net
Armour
 c - a +0 buckler (worn)
 e - a +0 chain mail (worn)
 l - a +0 pair of boots (worn)
 r - a +1 cloak (worn)
Jewellery
 o - a ring of resist corrosion (left hand)
 p - a ring of protection from cold (right hand)
 t - an amulet of magic regeneration (around neck)
Wands
 v - a wand of flame (23)
Scrolls
 f - a scroll of blinking
 i - 3 scrolls of fear
 j - a scroll of enchant armour
Potions
 b - 2 potions of mutation
 d - 3 potions of might
 g - 3 potions of curing
 k - a potion of magic {unknown}
 m - a potion of resistance {unknown}
 q - a potion of heal wounds {unknown}
 u - a potion of lignification {unknown}


   Skills:
 + Level 6.0 Fighting
 + Level 4.8 Maces & Flails
 + Level 6.0 Armour
 + Level 6.0 Shields


You had 7 spell levels left.
You didn't know any spells.
Your spell library contained the following spells:

 Spells                   Type           Power      Damage    Failure   Level
 Apportation              Tloc           0%         N/A       98%         1
 Necrotise                Necr           0%         1d4       98%         1
 Summon Small Mammal      Summ           0%         N/A       98%         1


Dungeon Overview and Level Annotations

Branches:
Dungeon (5/15)              Sewer (visited)
 Temple: D:4-7

Altars:
Elyvilon
Qazlal
Zin
The Shining One

Shops:
D:2 (


Innate Abilities, Weirdness & Mutations

You are immune to sickness and miasma.
Your stone body is resilient. (AC +5)
You are immune to poison.
You resist negative energy. (rN+)
You are resistant to electric shocks. (rElec)
You are resistant to unholy torment.
You are immune to petrification.


Message History

The wyvern is moderately wounded.
The wyvern bites you but does no damage.
The wyvern bites you!
You barely miss the wyvern.
The wyvern is moderately wounded.
You block the wyvern's attack. The wyvern barely misses you.
You barely miss the wyvern.
The wyvern is moderately wounded.
The wyvern bites you.
The wyvern bites you but does no damage.
You closely miss the wyvern.
The wyvern is moderately wounded.
The wyvern bites you but does no damage.
The wyvern bites you.
You closely miss the wyvern.
The wyvern is moderately wounded.
The wyvern bites you! x2
* * * LOW HITPOINT WARNING * * *
You are too injured to fight recklessly!
You are too injured to fight recklessly!
You are too injured to fight recklessly!
You are too injured to fight recklessly!
You are too injured to fight recklessly!
You are too injured to fight recklessly!
You are too injured to fight recklessly!
You are too injured to fight recklessly!
You are too injured to fight recklessly!
You are too injured to fight recklessly!
You are too injured to fight recklessly!
You are too injured to fight recklessly!
You are too injured to fight recklessly!
You are too injured to fight recklessly!
You closely miss the wyvern.
The wyvern is moderately wounded.
The wyvern barely misses you. The wyvern bites you.
* * * LOW HITPOINT WARNING * * *
You thrash the wyvern!!
The wyvern is almost dead.
The wyvern bites you!
You die...

#..#..> #.#
....#..... #.#
....#.....## ##.##
.#..##.#....##...#
##..# .####......#
###....#
#####...##
.........#
.#..#..@.#
...##..l..#
........$.#
.#..#.......
#..#.........
..#............
.#.?#..........
..#...........


You could see a wyvern.

Vanquished Creatures
  Grinder (D:3)
  Eustachio (D:4)
  3 bullfrogs
  A scorpion (D:4)
  Crazy Yiuf (D:3)
  2 orc wizards (D:4)
  7 gnolls
  2 river rats (D:3)
  10 adders
  4 worms
  3 orcs (D:4)
  12 ball pythons
  10 endoplasms
  12 giant cockroaches
  5 goblins
  8 hobgoblins
  5 jackals (D:1)
  9 quokkas
  8 bats
  7 frilled lizards
  4 kobolds
  5 rats
120 creatures vanquished.

Notes
Turn   | Place    | Note
-------+----------+-------------------------------------------
     0 | D:1      | Dittersdorf the Gargoyle Fighter began the quest for the
                  | Orb.
     0 | D:1      | Reached XP level 1. HP: 14/14 MP: 1/1
    85 | D:1      | Reached XP level 2. HP: 19/19 MP: 2/2
   413 | D:1      | Reached XP level 3. HP: 23/23 MP: 3/3
   999 | D:2      | Identified the +8 whip of the Throat {heavy, rElec rN+
                  | Will-}
  1083 | D:2      | Reached XP level 4. HP: 26/29 MP: 4/4
  1270 | D:2      | Found Plog's Weapon Shop.
  1517 | D:3      | Identified a scroll of acquirement
  1517 | D:3      | Acquired 519 gold pieces
  1542 | D:3      | Noticed Grinder
  1552 | D:3      | Killed Grinder
  1553 | D:3      | Reached XP level 5. HP: 33/34 MP: 5/5
  1553 | D:3      | Reached XP level 6. HP: 38/39 MP: 6/6
  1592 | D:3      | Found a faded altar of an unknown god.
  1653 | D:3      | Found a glowing drain.
  1672 | Sewer    | Entered a sewer
  1893 | Sewer    | Reached skill level 5 in Shields
  1897 | Sewer    | Reached skill level 5 in Fighting
  1897 | Sewer    | Reached skill level 5 in Armour
  1897 | Sewer    | Reached XP level 7. HP: 44/44 MP: 7/7
  2094 | D:3      | Found a runed translucent door.
  2095 | D:3      | Noticed Crazy Yiuf
  2290 | D:3      | Found a stormy altar of Qazlal.
  2496 | D:3      | Killed Crazy Yiuf
  2758 | D:4      | Found a glowing golden altar of the Shining One.
  2758 | D:4      | Found a white marble altar of Elyvilon.
  2758 | D:4      | Found a glowing silver altar of Zin.
  2875 | D:4      | Noticed Eustachio
  2897 | D:4      | Killed Eustachio
  2898 | D:4      | Reached XP level 8. HP: 51/51 MP: 8/8
  3261 | D:5      | Entered Level 5 of the Dungeon
  3360 | D:5      | Noticed a wyvern
  3373 | D:5      | Mangled by a wyvern

Illustrated notes

Levels and vault maps discovered:
D:1:      nzn_arrival_water_spiral, layout_loops_cross
D:2:      layout_basic, serial_shops, nicolae_shop_bloodbath_and_beyond,
          grunt_decor_arrowhead
D:3:      layout_loops_ring, grunt_qazlal_clouds, gup_sewer_entry_bubbles,
          chequers_ecumenical_altar_simple_redux, uniq_crazy_yiuf_cottage,
          uniq_grinder
D:4:      layout_loops_ring, dreamdust_divine_triumvirate,
          minmay_manual_monstrance, uniq_eustachio
D:5:      layout_rooms, minmay_misc_feat_diagonals

Skill      XL: |  1  2  3  4  5  6  7  8 |
---------------+-------------------------+-----
Fighting       | 4 5 6 |  6.0
Maces & Flails | 3 4 |  4.8
Armour         | 4 5 6 |  6.0
Shields        | 4 5 6 |  6.0

Action                     |  1- 3 |  4- 6 |  7- 9 || total
---------------------------+-------+-------+-------++-------
  Melee: Flail             |   129 |       |       ||   129
         Whip              |    16 |   134 |   101 ||   251
    Use: Scroll            |       |     6 |     1 ||     7
 Armour: Scale mail        |    15 |       |       ||    15
         Chain mail        |    79 |    85 |    81 ||   245
  Dodge: Dodged            |    50 |    40 |    38 ||   128
  Block: Buckler           |    25 |    24 |    22 ||    71

Table legend: (Time is in decaauts)
 A = Elapsed time spent in this place.
 B = Non-inter-level travel time spent in this place.
 C = Inter-level travel time spent in this place.
 D = Time resting spent in this place.
 E = Time spent auto-exploring this place.
 F = Levels seen in this place.
 G = Mean time per level.
                   A        B        C        D        E       F      G
               +--------+--------+--------+--------+--------+-----+--------+
         Total |   3607 |   3368 |    239 |     19 |   2311 |   6 |  601.2 |
       Dungeon |   3235 |   2996 |    239 |     19 |   2155 |   5 |  647.0 |
         Sewer |    372 |    372 |      0 |      0 |    156 |   1 |  372.0 |
               +--------+--------+--------+--------+--------+-----+--------+

Top non-repeatable levels by time:
     D:3: 888 daAuts
     D:1: 776 daAuts
     D:2: 762 daAuts
     D:4: 707 daAuts
   Sewer: 372 daAuts
     D:5: 100 daAuts
